Map: Winter Madness LE

Players

Midaraine - Winner!

  • Race: Protoss Protoss
  • Spawn Location: 5:00

VOD

Have the link to the VOD?

Description

Time

  • Played on: June 19, 2026, 3:43 p.m.
  • Length: 17:09
Show
View Real Time Build Order
Export as new Build Order

Midaraine Protoss - Winner!

Build Orders:  

Get SALT Encoding   

  12  0:03  Probe (Chrono Boost)  
  13  0:25  Pylon  
  13  0:27  Probe (Chrono Boost)  
  14  0:44  Probe (Chrono Boost)  
  15  0:55  Gateway  
  16  1:01  Probe (Chrono Boost)  
  16  1:18  Probe (Chrono Boost)  
  17  1:35  Probe (Chrono Boost)  
  18  1:48  Assimilator  
  19  1:52  Probe (Chrono Boost)  
  19  2:09  Probe (Chrono Boost), Cybernetics Core  
  20  2:26  Probe (Chrono Boost)  
  21  2:45  Nexus  
  21  2:46  Probe (Chrono Boost)  
  22  3:23  Twilight Council  
  22  3:34  Probe (Chrono Boost)  
  23  3:43  Assimilator  
  23  3:59  Pylon  
  23  4:27  Probe (Chrono Boost)  
  24  4:52  Probe (Chrono Boost)  
  25  5:03  Probe (Chrono Boost)  
  26  5:28  Probe x2 (Chrono Boost)  
  28  5:37  Charge  
  28  5:45  Probe x2 (Chrono Boost)  
  28  5:49  Pylon  
  30  5:56  Warp Gate  
  30  6:06  Robotics Facility  
  30  6:28  Templar Archives  
  30  6:43  Pylon  
  30  6:48  Probe (Chrono Boost)  
  31  7:05  Probe (Chrono Boost)  
  32  7:22  Probe (Chrono Boost)  
  32  7:23  Gateway  
  32  7:28  Gateway  
  33  7:39  Probe (Chrono Boost)  
  34  7:40  Zealot  
  36  7:56  Probe (Chrono Boost)  
  36  8:39  Robotics Bay  
  36  8:46  Zealot x2  
  36  8:47  Zealot  
  42  9:06  Probe (Chrono Boost)  
  43  9:16  Pylon  
  43  9:19  Probe (Chrono Boost)  
  43  9:20  Assimilator  
  44  9:30  Probe (Chrono Boost)  
  44  9:31  Zealot  
  44  9:32  Zealot  
  44  9:33  Zealot  
  51  9:43  Probe (Chrono Boost)  
  51  9:48  Colossus  
  59  10:00  Probe (Chrono Boost)  
  59  10:03  Zealot  
  59  10:04  Zealot x2  
  65  10:17  Probe (Chrono Boost)  
  66  10:32  Pylon  
  66  10:34  Pylon  
  66  10:35  Pylon  
  66  10:37  Pylon  
  66  10:38  Pylon  
  66  10:40  Pylon  
  66  10:49  Zealot  
  68  10:50  Zealot  
  68  10:58  Sentry  
  72  11:03  Colossus  
  78  11:20  Zealot  
  78  11:21  Zealot  
  82  12:16  Robotics Facility  
  82  12:18  Robotics Facility  
  82  12:22  Robotics Facility  
  82  12:37  Immortal  
  86  13:00  Stalker  
  86  13:01  Stalker x2  
  92  13:29  Immortal  
  92  13:34  Colossus  
  92  13:35  Immortal x2  
  110  14:30  Zealot x2  
  110  14:31  Zealot  
  116  14:59  Zealot  
  118  15:22  Warp Prism  
Tags
 
Add a new tag
Caveats
  • Supply blocks, unpowered buildings, or Contaminate may cause inaccurate times.
  • Supply counts are checked every 10 seconds.